 Dungeon Crawl Stone Soup version bcrawl-1.40.3b (webtiles) character file.

Game seed: 8536513857207972030

49207 Mrkan the Thaumaturge (level 1, -2/13 HPs)
             Began as a Gnoll Wanderer on Feb 21, 2024.
             Slain by a goblin
             ... wielding a +0 dagger
              (3 damage)
             ... on level 1 of the Dungeon.
             The game lasted 00:01:09 (181 turns).

Mrkan the Thaumaturge (Gnoll Wanderer)               Turns: 181, Time: 00:01:10

Health: -2/13      AC:  2    Str: 16    XL:     1   Next: 30%
Magic:  10/10      EV: 11    Int: 13    God:
Gold:   24         SH:  0    Dex: 13    Spells: 18/18 levels left

rFire    . . .     GDR:     25% a - +0 club
rCold    . . .     SeeInvis .   (no shield)
rNeg     . . .     Gourm    .   d - +0 robe
rPois    .         Faith    .   (no helmet)
rElec    .         Spirit   .   (no cloak)
rCorr    .         Reflect  .   (no gloves)
MR       .....                  (no boots)
Stlth    +.........             (no amulet)
HPRegen  0.12/turn              (no ring)
MPRegen  0.12/turn              (no ring)

@: no status effects
A: distributed training, fangs 1, strong nose
a: no special abilities


You were on level 1 of the Dungeon.
You were not hungry.

You visited 1 branch of the dungeon, and saw 1 of its levels.

You collected 24 gold pieces.

Inventory:

Hand Weapons
 a - a +0 club (weapon)
Armour
 d - a +0 robe (worn)
Scrolls
 f - a scroll of teleportation {unknown}
Potions
 b - a potion of flight {unknown}
 c - a potion of curing
Comestibles
 e - a ration {!d}


   Skills:
 + Level 0.0 Fighting
 + Level 0.0 Short Blades
 + Level 0.0 Long Blades
 + Level 0.0 Axes
 + Level 0.0 Maces & Flails
 + Level 0.0 Polearms
 + Level 0.0 Staves
 + Level 0.0 Slings
 + Level 0.0 Bows
 + Level 0.0 Crossbows
 + Level 2.3 Throwing
 + Level 0.0 Armour
 + Level 0.0 Dodging
 + Level 0.0 Stealth
 + Level 0.0 Shields
 + Level 0.0 Unarmed Combat
 + Level 9.2 Spellcasting
 + Level 0.0 Conjurations
 + Level 0.0 Hexes
 + Level 0.0 Charms
 + Level 0.0 Summonings
 + Level 3.6 Necromancy
 + Level 0.0 Translocations
 + Level 0.0 Transmutations
 + Level 0.0 Fire Magic
 + Level 1.9 Ice Magic
 + Level 0.0 Air Magic
 + Level 1.9 Earth Magic
 + Level 0.0 Poison Magic
 + Level 0.0 Invocations
 + Level 2.3 Evocations


You had 18 spell levels left.
You didn't know any spells.
Your spell library contained the following spells:

 Spells                   Type           Power        Failure   Level  Hunger
 Magic Dart               Conj           #...         12%         1    None
 Static Discharge         Air            #.....       12%         1    None
 Blink                    Tloc           N/A          19%         2    None
 Call Imp                 Summ           #.....       19%         2    None
 Shock                    Conj/Air       #......      19%         2    None
 Swiftness                Chrm/Air       #.......     19%         2    None
 Conjure Flame            Conj/Fire      #.......     36%         3    None
 Mephitic Cloud           Conj/Pois/Air  #.......     36%         3    None
 Spider Form              Tmut/Pois      #..          36%         3    None
 Lightning Bolt           Conj/Air       #.......     77%         4    ##.....


Dungeon Overview and Level Annotations

Branches:
Dungeon (1/12)

Altars:


Innate Abilities, Weirdness & Mutations

Your experience applies equally to all skills.
You have very sharp teeth.
Your uncanny sense of smell can sniff out nearby items.


Message History

A jackal comes into view.
You hit the hobgoblin but do no damage.
The hobgoblin hits you with a +0 club. x2
You hit the hobgoblin.
The hobgoblin is almost dead.
The hobgoblin hits you with a +0 club.
* * * LOW HITPOINT WARNING * * *
You barely miss the hobgoblin. You bite the hobgoblin.
You kill the hobgoblin!
The goblin hits you but does no damage.
You barely miss the goblin.
The goblin is heavily wounded.
The goblin hits you but does no damage.
You barely miss the goblin.
The goblin is heavily wounded.
The goblin hits you with a +0 dagger.
* * * LOW HITPOINT WARNING * * *
You closely miss the goblin.
The goblin is heavily wounded.
The goblin hits you with a +0 dagger.
You die...

#.# #.# #.# #.# #.# ∆
#.# #.#
##.#############.#
####.............##.#
......##########.##.#
# .###.##
#@##.######.#.# .#
#.# #g##.......?...
.# #[#
#.......h.....# .#
#.# ###########.###
.# #.# .# #.#
.###.#######
............
############


You could see a goblin.

Vanquished Creatures
  A hobgoblin (D:1)
  A rat (D:1)
2 creatures vanquished.

Notes
Turn   | Place    | Note
-------+----------+-------------------------------------------
     0 | D:1      | Reached skill level 9 in Spellcasting
     0 | D:1      | Mrkan the Gnoll Wanderer began the quest for the Orb.
     0 | D:1      | Mrkan set off with the following items: a +0 club, a potion
                  | of curing, a +0 robe, a ration {!d}; and the following
                  | spells available to memorise: Magic Dart, Static Discharge,
                  | Blink, Call Imp, Shock, Swiftness, Conjure Flame, Mephitic
                  | Cloud, Spider Form, Lightning Bolt
     0 | D:1      | Reached XP level 1. HP: 13/13 MP: 10/10
   181 | D:1      | Slain by a goblin

Skill      XL: | |
---------------+-+-----
Spellcasting   | |  9.2
Throwing       | |  2.3
Necromancy     | |  3.6
Ice Magic      | |  1.9
Earth Magic    | |  1.9
Evocations     | |  2.3

Action                   || total
-------------------------++-------
Melee: Club              ||    15
       Bite              ||     1
Armor: Robe              ||     3
Dodge: Dodged            ||     7
